 Dungeon Crawl Stone Soup version 0.20-a0-754-g13ddd6e (webtiles) character file.

73 Manifest the Skirmisher (level 4, -2/37 HPs)
             Began as a Demonspawn Wanderer on Feb 27, 2017.
             Killed from afar by Natasha (9 damage)
             ... with a magic dart
             ... on level 2 of the Dungeon.
             The game lasted 00:04:30 (2141 turns).

Manifest the Skirmisher (Demonspawn Wanderer)       Turns: 2141, Time: 00:04:32

Health: -2/37      AC:  3    Str: 13    XL:     4   Next: 8%
Magic:  7/7        EV: 17    Int: 13    God:
Gold:   69         SH:  4    Dex: 18    Spells: 7/7 levels left

rFire    . . .     SeeInvis .   a - +2 dagger
rCold    . . .     Gourm    .   e - +0 robe
rNeg     . . .     Faith    .   d - +0 buckler
rPois    .         Spirit   .   n - +0 helmet
rElec    .         Reflect  .   (no cloak)
rCorr    .         Harm     .   (no gloves)
MR       .....                  (no boots)
Stlth    +++.......             (no amulet)
Regen    0.2/turn               (no ring)
MPRegen  0.1/turn               (no ring)

@: agile, slowed, very slow
A: hooves 1, repulsion field 1
a: no special abilities


You were on level 2 of the Dungeon.
You were very hungry.

You visited 1 branch of the dungeon, and saw 2 of its levels.

You collected 69 gold pieces.

Inventory:

Hand Weapons
 a - a +2 dagger (weapon)
Armour
 d - a +0 buckler (worn)
 e - a +0 robe (worn)
 n - a +0 helmet (worn)
Jewellery
 l - a -3 ring of slaying
Scrolls
 h - 2 scrolls of identify
 i - a scroll of magic mapping {unknown}
 k - a scroll of recharging
Potions
 b - a potion of berserk rage
 g - a potion of degeneration
 o - a potion of agility
Books
 c - the Incunabulum of the Traveller

   Spells                             Type                      Level
   a - Shroud of Golubria             Charms/Translocation         2
   b - Blink                          Translocation                2
Comestibles
 f - 5 bread rations
 j - 2 meat rations
 m - 3 fruits


   Skills:
 + Level 4.0 Fighting
 - Level 2.6 Stealth
 - Level 1.0 Shields
 - Level 1.7 Unarmed Combat
 - Level 2.0 Spellcasting
   Level 1.0 Ice Magic


You had 7 spell levels left.
You didn't know any spells.

Dungeon Overview and Level Annotations

Branches:
Dungeon (2/15)

Altars:

Annotations:
D:2 Natasha


Innate Abilities, Weirdness & Mutations

You have large cloven feet.
You are surrounded by a mild repulsion field. (EV +2)


Message History

The crimson imp barely misses you. Natasha casts a spell at you.
You feel as though you will be slow longer.
The shadow imp puffs mist at you.
The crimson imp hits you but does no damage.
Natasha closely misses you.
You barely miss Natasha.
Natasha is almost dead.
The white imp disappears in a puff of smoke!
The shadow imp shouts, "Scamper home, thou paunchy dread-bolted hedge-pig!"
The crimson imp hits you.
* * * LOW HITPOINT WARNING * * *
Natasha misses you. The crimson imp misses you.
You are feeling very hungry.
You barely miss Natasha. You kick Natasha, but do no damage.
Natasha is almost dead.
Natasha closely misses you. The crimson imp misses you.
Natasha casts a spell at you. The magic dart hits you!
You die...

#.#.# #.# #.#.### #.#
#..#..# #.# #.#.#.## #.#
#.##...## #.#
#.#.)...####.# ####
....)........# #..
........###### #5#
#.#....####### #@#
#...>........###h#####.#
###........<....5?.....#
#####...........(......
###################


You could see Natasha, a crimson imp and a shadow imp.

Vanquished Creatures
  Robin (D:2)
  An adder (D:2)
  An ooze (D:2)
  2 dart slugs (D:1)
  A leopard gecko (D:2)
  A giant cockroach (D:2)
  8 goblins
  7 hobgoblins
  A quokka (D:2)
  A ball python (D:2)
  8 bats
  2 frilled lizards (D:1)
  3 kobolds
  6 rats
43 creatures vanquished.

Notes
Turn   | Place    | Note
-------+----------+-------------------------------------------
     0 | D:1      | Manifest the Demonspawn Wanderer began the quest for the Orb.
     0 | D:1      | Manifest set off with: a +2 dagger, a potion of berserk rage, the Incunabulum of the Traveller, a +0 buckler, a +0 robe, a bread ration
     0 | D:1      | Reached XP level 1. HP: 15/15 MP: 3/3
   295 | D:1      | Reached skill level 2 in Fighting
   397 | D:1      | Gained mutation: You are surrounded by a mild repulsion field. (EV +2) [demonic ancestry]
   397 | D:1      | Reached XP level 2. HP: 22/22 MP: 5/5
  1090 | D:1      | Identified the Incunabulum of the Traveller
  1451 | D:2      | Reached skill level 3 in Fighting
  1451 | D:2      | Gained mutation: You have large cloven feet. [demonic ancestry]
  1451 | D:2      | Reached XP level 3. HP: 29/29 MP: 6/6
  1490 | D:2      | Noticed Robin
  1557 | D:2      | Killed Robin
  2013 | D:2      | Reached XP level 4. HP: 37/37 MP: 7/7
  2093 | D:2      | Reached skill level 4 in Fighting
  2117 | D:2      | Noticed Natasha
  2141 | D:2      | Killed from afar by Natasha

Vault maps used:
D:1:      dpeg_arrival_three_bigger_balls, kennysheep_boxes
D:2:      first_bread, chequers_ecumenical_altar_island, uniq_natasha,
          uniq_robin

Skill      XL: |  1  2  3  4 |
---------------+-------------+-----
Fighting       | 2 3 4 |  4.0
Stealth        | |  2.6
Shields        | |  1.0
Unarmed Combat | |  1.7
Spellcasting   | |  2.0
Ice Magic      | |  1.0

Action                   |  1- 3 |  4- 6 || total
-------------------------+-------+-------++-------
Melee: Dagger            |   143 |    22 ||   165
       Kick              |     8 |    10 ||    18
  Use: Scroll            |     4 |       ||     4
       Potion            |     1 |     1 ||     2
 Stab: Sleeping          |     4 |     1 ||     5
  Eat: Chunk             |     3 |       ||     3
Armor: Robe              |    28 |     3 ||    31
Dodge: Dodged            |    82 |    18 ||   100
Block: Buckler           |    23 |     3 ||    26
